Workbook

Sheet Aufgabe
B1: Kostenartenrechnung | E1: Kostenstellenrechnung | I1: Kostenträgerrechnung
B2: Aufwand | C2: sachl. Abgr. | D2: Kosten | E2: EDV-Support | F2: Material | G2: Fertigung | H2: V&V | I2: simple | J2: boost | L2: Vorrat Fibu; 2/3 > Anfang Jahr 180, Ende Jahr 170
A3: Einzelmaterial | B3: 115 | D3: =SUM(B3:C3) -> 115 | L3: Verteilung der Einzelmaterials: 1:2
A4: Einzellohn | B4: 200 | D4: =SUM(B4:C4) -> 200 | L4: Verteilung der Einzellöhne: 2:3
A5: Hilfsmaterial | B5: 8 | D5: =SUM(B5:C5) -> 8 | L5: Verteilung: 1 : 5 : 2 : 0
A6: Hilfslöhne | B6: 74 | D6: =SUM(B6:C6) -> 74 | L6: Unternehmerlohn: 10 / Verteilung gem. Std: 1'000 / 1'250 / 5'000 / 13'750
A7: Raummiete | B7: 42 | D7: =SUM(B7:C7) -> 42 | L7: Verteilung gemäss qm: EDV: 40qm / Mat: 200qm / Fert: 440qm / V&V: 160qm
A8: Zinsen | B8: 5 | D8: =SUM(B8:C8) -> 5 | L8: Anlagen (Wert 100) > kalk. Zins: 8% / Verteilung gem. Anlagen: 12'500 / 12'500 / 50'00 / 25'000
A9: Abschreibungen | B9: 30 | D9: =SUM(B9:C9) -> 30 | L9: Abschr. degr. 40% von 75'000 / linear: 20% // Verteilung 2 : 3 : 6 : 4
A10: Übriger Aufwand | B10: 58 | D10: =SUM(B10:C10) -> 58 | E10: 8 | F10: 5 | G10: 34 | H10: 19 | L10: Verteilung bereits gegeben
A11: Total | B11: =SUM(B3:B10) -> 532 | C11: =SUM(C3:C10) -> 0 | D11: =SUM(D3:D10) -> 532 | E11: =SUM(E3:E10) -> 8 | F11: =SUM(F3:F10) -> 5 | G11: =SUM(G3:G10) -> 34 | H11: =SUM(H3:H10) -> 19 | I11: =SUM(I3:I10) -> 0 | J11: =SUM(J3:J10) -> 0
A12: Umlage EDV-Support | L12: Umlage EDV gemäss Rapport: 1 : 12 : 5
A13: Zwischenresultat | E13: =SUM(E11:E12) -> 8 | F13: =SUM(F11:F12) -> 5 | G13: =SUM(G11:G12) -> 34 | H13: =SUM(H11:H12) -> 19
A14: Umlage Material | L14: Umlage Material im Verhältnis zum Einzelmaterial
A15: Umlage Fertigung | L15: Umlage Fertigung im Verhältnis zum Einzellohn
A16: Herstellkosten Produktion | I16: =SUM(I11:I15) -> 0 | J16: =SUM(J11:J15) -> 0
A17: Beständesänderung Fabrikate | L17: Zunahme simple: 20 / Abnahme boost: 35
A18: Herstellkosten verkaufte Prod. | I18: =SUM(I16:I17) -> 0 | J18: =SUM(J16:J17) -> 0
A19: Umlage Verwaltung/Vertrieb | L19: Umlage V&V: im Verhältnis zu HK verkaufte Produkte
A20: Selbstkosten | I20: =SUM(I18:I19) -> 0 | J20: =SUM(J18:J19) -> 0
A21: Erfolg pro Produkt | I21: =I22-I20 -> 0 | J21: =J22-J20 -> 0
A22: Nettoerlös | L22: Erlös: simple: 170 / boos: 450

Sheet Fehler
B1: Kostenartenrechnung | E1: Kostenstellenrechnung | I1: Kostenträgerrechnung
B2: Aufwand | C2: sachl. Abgr. | D2: Kosten | E2: EDV-Support | F2: Material | G2: Fertigung | H2: V&V | I2: simple | J2: boost | L2: Vorrat Fibu; 2/3 > Anfang Jahr 180, Ende Jahr 170
A3: Einzelmaterial | B3: 115 | C3: =IF((Lösung!C3-Aufgabe!C3)=0,"yes","no") -> no | D3: =SUM(B3:C3) -> 115 | I3: =IF((Lösung!I3-Aufgabe!I3)=0,"yes","no") -> no | J3: =IF((Lösung!J3-Aufgabe!J3)=0,"yes","no") -> no | L3: Verteilung der Einzelmaterials: 1:2
A4: Einzellohn | B4: 200 | C4: =IF((Lösung!C4-Aufgabe!C4)=0,"yes","no") -> yes | D4: =SUM(B4:C4) -> 200 | I4: =IF((Lösung!I4-Aufgabe!I4)=0,"yes","no") -> no | J4: =IF((Lösung!J4-Aufgabe!J4)=0,"yes","no") -> no | L4: Verteilung der Einzellöhne: 2:3
A5: Hilfsmaterial | B5: 8 | C5: =IF((Lösung!C5-Aufgabe!C5)=0,"yes","no") -> yes | D5: =SUM(B5:C5) -> 8 | E5: =IF((Lösung!E5-Aufgabe!E5)=0,"yes","no") -> no | F5: =IF((Lösung!F5-Aufgabe!F5)=0,"yes","no") -> no | G5: =IF((Lösung!G5-Aufgabe!G5)=0,"yes","no") -> no | H5: =IF((Lösung!H5-Aufgabe!H5)=0,"yes","no") -> yes | L5: Verteilung: 1 : 5 : 2 : 0
A6: Hilfslöhne | B6: 74 | C6: =IF((Lösung!C6-Aufgabe!C6)=0,"yes","no") -> no | D6: =SUM(B6:C6) -> 74 | E6: =IF((Lösung!E6-Aufgabe!E6)=0,"yes","no") -> no | F6: =IF((Lösung!F6-Aufgabe!F6)=0,"yes","no") -> no | G6: =IF((Lösung!G6-Aufgabe!G6)=0,"yes","no") -> no | H6: =IF((Lösung!H6-Aufgabe!H6)=0,"yes","no") -> no | L6: Unternehmerlohn: 10 / Verteilung gem. Std: 1'000 / 1'250 / 5'000 / 13'750
A7: Raummiete | B7: 42 | C7: =IF((Lösung!C7-Aufgabe!C7)=0,"yes","no") -> yes | D7: =SUM(B7:C7) -> 42 | E7: =IF((Lösung!E7-Aufgabe!E7)=0,"yes","no") -> no | F7: =IF((Lösung!F7-Aufgabe!F7)=0,"yes","no") -> no | G7: =IF((Lösung!G7-Aufgabe!G7)=0,"yes","no") -> no | H7: =IF((Lösung!H7-Aufgabe!H7)=0,"yes","no") -> no | L7: Verteilung gemäss qm: EDV: 40qm / Mat: 200qm / Fert: 440qm / V&V: 160qm
A8: Zinsen | B8: 5 | C8: =IF((Lösung!C8-Aufgabe!C8)=0,"yes","no") -> no | D8: =SUM(B8:C8) -> 5 | E8: =IF((Lösung!E8-Aufgabe!E8)=0,"yes","no") -> no | F8: =IF((Lösung!F8-Aufgabe!F8)=0,"yes","no") -> no | G8: =IF((Lösung!G8-Aufgabe!G8)=0,"yes","no") -> no | H8: =IF((Lösung!H8-Aufgabe!H8)=0,"yes","no") -> no | L8: Anlagen (Wert 100) > kalk. Zins: 8% / Verteilung gem. Anlagen: 12'500 / 12'500 / 50'00 / 25'000
A9: Abschreibungen | B9: 30 | C9: =IF((Lösung!C9-Aufgabe!C9)=0,"yes","no") -> no | D9: =SUM(B9:C9) -> 30 | E9: =IF((Lösung!E9-Aufgabe!E9)=0,"yes","no") -> no | F9: =IF((Lösung!F9-Aufgabe!F9)=0,"yes","no") -> no | G9: =IF((Lösung!G9-Aufgabe!G9)=0,"yes","no") -> no | H9: =IF((Lösung!H9-Aufgabe!H9)=0,"yes","no") -> no | L9: Abschr. degr. 40% von 75'000 / linear: 20% // Verteilung 2 : 3 : 6 : 4
A10: Übriger Aufwand | B10: 58 | C10: =IF((Lösung!C10-Aufgabe!C10)=0,"yes","no") -> yes | D10: =SUM(B10:C10) -> 58 | E10: 8 | F10: 5 | G10: 34 | H10: 19 | L10: Verteilung bereits gegeben
A11: Total | B11: =SUM(B3:B10) -> 532 | C11: =SUM(C3:C10) -> 0 | D11: =SUM(D3:D10) -> 532 | E11: =SUM(E3:E10) -> 8 | F11: =SUM(F3:F10) -> 5 | G11: =SUM(G3:G10) -> 34 | H11: =SUM(H3:H10) -> 19 | I11: =SUM(I3:I10) -> 0 | J11: =SUM(J3:J10) -> 0
A12: Umlage EDV-Support | E12: =IF((Lösung!E12-Aufgabe!E12)=0,"yes","no") -> no | F12: =IF((Lösung!F12-Aufgabe!F12)=0,"yes","no") -> no | G12: =IF((Lösung!G12-Aufgabe!G12)=0,"yes","no") -> no | H12: =IF((Lösung!H12-Aufgabe!H12)=0,"yes","no") -> no | L12: Umlage EDV gemäss Rapport: 1 : 12 : 5
A13: Zwischenresultat | E13: =SUM(E11:E12) -> 8 | F13: =SUM(F11:F12) -> 5 | G13: =SUM(G11:G12) -> 34 | H13: =SUM(H11:H12) -> 19
A14: Umlage Material | F14: =IF((Lösung!F14-Aufgabe!F14)=0,"yes","no") -> no | I14: =IF((Lösung!I14-Aufgabe!I14)=0,"yes","no") -> no | J14: =IF((Lösung!J14-Aufgabe!J14)=0,"yes","no") -> no | L14: Umlage Material im Verhältnis zum Einzelmaterial
A15: Umlage Fertigung | G15: =IF((Lösung!G15-Aufgabe!G15)=0,"yes","no") -> no | I15: =IF((Lösung!I15-Aufgabe!I15)=0,"yes","no") -> no | J15: =IF((Lösung!J15-Aufgabe!J15)=0,"yes","no") -> no | L15: Umlage Fertigung im Verhältnis zum Einzellohn
A16: Herstellkosten Produktion | I16: =SUM(I11:I15) -> 0 | J16: =SUM(J11:J15) -> 0
A17: Beständesänderung Fabrikate | I17: =IF((Lösung!I17-Aufgabe!I17)=0,"yes","no") -> no | J17: =IF((Lösung!J17-Aufgabe!J17)=0,"yes","no") -> no | L17: Zunahme simple: 20 / Abnahme boost: 35
A18: Herstellkosten verkaufte Prod. | I18: =SUM(I16:I17) -> 0 | J18: =SUM(J16:J17) -> 0
A19: Umlage Verwaltung/Vertrieb | H19: =IF((Lösung!H19-Aufgabe!H19)=0,"yes","no") -> no | I19: =IF((Lösung!I19-Aufgabe!I19)=0,"yes","no") -> no | J19: =IF((Lösung!J19-Aufgabe!J19)=0,"yes","no") -> no | L19: Umlage V&V: im Verhältnis zu HK verkaufte Produkte
A20: Selbstkosten | I20: =SUM(I18:I19) -> 0 | J20: =SUM(J18:J19) -> 0
A21: Erfolg pro Produkt | I21: =IF(ISERROR(I22-I20),0,I22-I20) -> 0 | J21: =IF(ISERROR(J22-J20),0,J22-J20) -> 0
A22: Nettoerlös | I22: =IF((Lösung!I22-Aufgabe!I22)=0,"yes","no") -> no | J22: =IF((Lösung!J22-Aufgabe!J22)=0,"yes","no") -> no | L22: Erlös: simple: 170 / boos: 450

Sheet Lösung
B1: Kostenartenrechnung | E1: Kostenstellenrechnung | I1: Kostenträgerrechnung
B2: Aufwand | C2: sachl. Abgr. | D2: Kosten | E2: EDV-Support | F2: Material | G2: Fertigung | H2: V&V | I2: simple | J2: boost | L2: Vorrat Fibu; 2/3 > Anfang Jahr 180, Ende Jahr 170
A3: Einzelmaterial | B3: 115 | C3: 5 | D3: =SUM(B3:C3) -> 120 | I3: =40 -> 40 | J3: 80 | L3: Verteilung der Einzelmaterials: 1:2
A4: Einzellohn | B4: 200 | D4: =SUM(B4:C4) -> 200 | I4: 80 | J4: 120 | L4: Verteilung der Einzellöhne: 2:3
A5: Hilfsmaterial | B5: 8 | D5: =SUM(B5:C5) -> 8 | E5: 1 | F5: 5 | G5: 2 | H5: 0 | L5: Verteilung: 1 : 5 : 2 : 0
A6: Hilfslöhne | B6: 74 | C6: 10 | D6: =SUM(B6:C6) -> 84 | E6: 4 | F6: 5 | G6: 20 | H6: 55 | L6: Unternehmerlohn: 10 / Verteilung gem. Std: 1'000 / 1'250 / 5'000 / 13'750
A7: Raummiete | B7: 42 | D7: =SUM(B7:C7) -> 42 | E7: 2 | F7: 10 | G7: 22 | H7: 8 | L7: Verteilung gemäss qm: EDV: 40qm / Mat: 200qm / Fert: 440qm / V&V: 160qm
A8: Zinsen | B8: 5 | C8: 3 | D8: =SUM(B8:C8) -> 8 | E8: 1 | F8: 1 | G8: 4 | H8: 2 | L8: Anlagen (Wert 100) > kalk. Zins: 8% / Verteilung gem. Anlagen: 12'500 / 12'500 / 50'00 / 25'000
A9: Abschreibungen | B9: 30 | C9: -15 | D9: =SUM(B9:C9) -> 15 | E9: 2 | F9: 3 | G9: 6 | H9: 4 | L9: Abschr. degr. 40% von 75'000 / linear: 20% // Verteilung 2 : 3 : 6 : 4
A10: Übriger Aufwand | B10: 58 | D10: =SUM(B10:C10) -> 58 | E10: 8 | F10: 5 | G10: 34 | H10: 19 | L10: Verteilung bereits gegeben
A11: Total | B11: =SUM(B3:B10) -> 532 | C11: =SUM(C3:C10) -> 3 | D11: =SUM(D3:D10) -> 535 | E11: =SUM(E3:E10) -> 18 | F11: =SUM(F3:F10) -> 29 | G11: =SUM(G3:G10) -> 88 | H11: =SUM(H3:H10) -> 88 | I11: =SUM(I3:I10) -> 120 | J11: =SUM(J3:J10) -> 200
A12: Umlage EDV-Support | E12: -18 | F12: 1 | G12: 12 | H12: 5 | L12: Umlage EDV gemäss Rapport: 1 : 12 : 5
A13: Zwischenresultat | E13: =SUM(E11:E12) -> 0 | F13: =SUM(F11:F12) -> 30 | G13: =SUM(G11:G12) -> 100 | H13: =SUM(H11:H12) -> 93
A14: Umlage Material | F14: -30 | I14: 10 | J14: 20 | L14: Umlage Material im Verhältnis zum Einzelmaterial
A15: Umlage Fertigung | G15: -100 | I15: 40 | J15: 60 | L15: Umlage Fertigung im Verhältnis zum Einzellohn
A16: Herstellkosten Produktion | I16: =SUM(I11:I15) -> 170 | J16: =SUM(J11:J15) -> 280
A17: Beständesänderung Fabrikate | I17: -20 | J17: 35 | L17: Zunahme simple: 20 / Abnahme boost: 35
A18: Herstellkosten verkaufte Prod. | I18: =SUM(I16:I17) -> 150 | J18: =SUM(J16:J17) -> 315
A19: Umlage Verwaltung/Vertrieb | H19: -93 | I19: 30 | J19: 63 | L19: Umlage V&V: im Verhältnis zu HK verkaufte Produkte
A20: Selbstkosten | I20: =SUM(I18:I19) -> 180 | J20: =SUM(J18:J19) -> 378
A21: Erfolg pro Produkt | I21: =I22-I20 -> -10 | J21: =J22-J20 -> 72
A22: Nettoerlös | I22: 170 | J22: 450 | L22: Erlös: simple: 170 / boos: 450
